 Dungeon Crawl Stone Soup version 0.29.1-4-g47bece8355 (webtiles) character file.

Game seed: 13646062965827917750

2212 MajorAdolf the Stinger (level 9, 0/67 (68) HPs)
             Began as a Naga Wanderer on Dec 11, 2022.
             Was an Initiate of Gozag.
             Slain by a wight
             ... wielding a +0 trident
              (2 damage)
             ... on level 7 of the Dungeon.
             The game lasted 00:19:50 (12148 turns).

MajorAdolf the Stinger (Naga Wanderer)             Turns: 12148, Time: 00:19:51

HP:   0/67 (68)     AC:  5    Str: 11    XL:     9   Next: 35%
MP:   10/17         EV:  9    Int: 23    God:    Gozag
Gold: 377           SH:  0    Dex:  8    Spells: 7/19 levels left

rFire   . . .      SeeInvis +   p - +1 whip (chaos)
rCold   . . .      Faith    .   (no shield)
rNeg    . . .      Spirit   .   j - +0 robe
rPois   +          Reflect  .   (no helmet)
rElec   .          Harm     .   (no cloak)
rCorr   .          Rampage  .   r - +0 pair of gloves
Will    +....                   (no barding)
Stlth   ++........              (no amulet)
HPRegen 0.21/turn               (no ring)
MPRegen 0.15/turn               (no ring)

@: lightly drained, very slow
A: AC +3, large, see invisible, deformed body, poison resistance, slowness 2,
spit poison 1, naga tail 1
a: Spit Poison, Renounce Religion, Potion Petition, Call Merchant, Bribe Branch


You were on level 7 of the Dungeon.
You worshipped Gozag.
Gozag was aware of your devotion.
You visited 2 branches of the dungeon, and saw 8 of its levels.

You collected 449 gold pieces.
You paid 72 gold pieces to Gozag.

Inventory:

Hand Weapons
 p - a +1 whip of chaos (weapon)
Missiles
 a - 2 throwing nets
Armour
 j - a +0 robe (worn)
 r - a +0 pair of gloves (worn)
Scrolls
 d - a scroll of poison
 g - 6 scrolls of teleportation
 k - a scroll of noise
 l - 2 scrolls of immolation
 m - a scroll of vulnerability
 n - a scroll of enchant armour
Potions
 b - 2 potions of lignification
 c - a potion of attraction {unknown}
 e - a potion of might {unknown}
 f - 2 potions of invisibility {unknown}
 h - a potion of curing {unknown}
 i - a potion of berserk rage {unknown}
 s - a potion of degeneration {unknown}
 u - a potion of flight {unknown}
 v - a potion of mutation {unknown}


   Skills:
 - Level 1.5 Armour
 - Level 3.0 Stealth
 + Level 5.8 Spellcasting
 + Level 4.2 Conjurations
 - Level 2.0 Translocations
 - Level 3.0 Transmutations
 - Level 5.0 Fire Magic
 + Level 2.7 Ice Magic
 + Level 4.2 Air Magic
 + Level 6.3 Poison Magic
 - Level 1.0 Evocations


You had 7 spell levels left.
You knew the following spells:

 Your Spells              Type           Power      Damage    Failure   Level
a - Foxfire               Conj/Fire      100%       2x1d9     1%          1
b - Ignite Poison         Fire/Tmut/Pois 28%        N/A       3%          3
c - Mephitic Cloud        Conj/Pois/Air  29%        N/A       3%          3
d - Freezing Cloud        Conj/Ice/Air   11%        6-21      45%         5

Your spell library contained the following spells:

 Spells                   Type           Power      Damage    Failure   Level
 Beastly Appendage        Tmut           40%        N/A       2%          1
 Apportation              Tloc           30%        N/A       3%          1
 Wereblood                Tmut           20%        N/A       3%          2
 Spider Form              Tmut/Pois      28%        N/A       3%          3
 Conjure Flame            Conj/Fire      27%        6-21      4%          3
 Ozocubu's Armour         Ice            19%        N/A       9%          3
 Dazzling Flash           Conj/Hex       32%        N/A       11%         3
 Teleport Other           Tloc           15%        N/A       12%         3
 Portal Projectile        Hex/Tloc       22%        N/A       17%         3
 Call Canine Familiar     Summ           6%         N/A       26%         3
 Leda's Liquefaction      Hex/Erth       3%         N/A       65%         4
 Silence                  Hex/Air        8%         N/A       71%         5
 Agony                    Necr           6%         N/A       94%         5
 Ozocubu's Refrigeration  Ice            9%         4d9       100%        7
 Chain Lightning          Conj/Air       13%        3d17      100%        9
 Fire Storm               Conj/Fire      13%        8d4       100%        9
 Shatter                  Erth           3%         3d7*      100%        9


Dungeon Overview and Level Annotations

Branches:
Dungeon (7/15)             Temple (1/1) D:5

Altars:
Ashenzari
Cheibriados
Dithmenos
Elyvilon
Fedhas
Gozag
Hepliaklqana
Kikubaaqudgha
Makhleb
Nemelex Xobeh
Okawaru
Ru
Trog
Uskayaw
Vehumet
Wu Jian
Xom
Yredelemnul
Zin
The Shining One

Shops:
D:3 [   D:6 (

Annotations:
D:6 1 runed translucent door, Crazy Yiuf


Innate Abilities, Weirdness & Mutations

Your serpentine skin is tough. (AC +3)
You have supernaturally acute eyesight. (SInv)
Armour fits poorly on your strangely shaped body.
Your system is resistant to poisons. (rPois)
You cover ground very slowly.
You can spit poison.
You have a snake-like lower body.


Message History

The sky beast appears confused.
Casting: Mephitic Cloud (dangerous; 3% risk of failure)
Confirm with . or Enter, or press ? or * to list all spells.
You ignite the poison in your surroundings!
You have got your breath back.
The sky beast is engulfed in blazing flames.
You kill the sky beast!
Unknown command.
You start resting.
You hear the faint creaking of a very distant portcullis.
You now have 377 gold pieces (gained 9).
You start resting.
A wight is nearby!
The wight barely misses you.
The wight hits you from afar with a +0 trident!
* * * LOW HITPOINT WARNING * * *
Casting: Ignite Poison (dangerous; 3% risk of failure)
Confirm with . or Enter, or press ? or * to list all spells.
You ignite the poison in your surroundings!
The wight barely misses you.
Unknown command.
Casting: Ignite Poison (dangerous; 3% risk of failure)
Confirm with . or Enter, or press ? or * to list all spells.
You don't know that spell.
Casting: Ignite Poison (dangerous; 3% risk of failure)
Confirm with . or Enter, or press ? or * to list all spells.
You can't see any susceptible monsters within range! (Use Z to cast anyway.) Unknown command.
Casting: Ignite Poison (dangerous; 3% risk of failure)
Confirm with . or Enter, or press ? or * to list all spells.
Aiming: Mephitic Cloud (dangerous; 3% risk of failure)
Press: ? - help, Shift-Dir - straight line, f - wight
Aim: a wight, wielding a +0 trident and wearing a +0 robe (not susceptible)
The ball explodes into a vile cloud!
The stinking cloud engulfs the wight but does no damage.
The wight hits you from afar with a +0 trident!
* * * LOW HITPOINT WARNING * * *
You feel drained.
You die...
Your body crumbles into a pile of gold.

.........# #))# ..
########## ##.# .#
#.## .# ########..##
.# #..........##.#
#........#....#
#.............##
#.............§##..
#...!......@○z§.....
#........####.##....
#........# .# ...
#........# .# .# $
#####..... .# #.....
.# #.... .#


You could see a wight.

Vanquished Creatures
  Grinder (D:5)
  2 water moccasins (D:5)
  A sky beast (D:7)
  2 black bears
  An ice beast (D:7)
  3 ogres
  A centaur (D:3)
  A phantom (D:5)
  Blork the orc (D:6)
  A kobold brigand (D:6)
  A bullfrog (D:7)
  4 scorpions
  2 wights (D:7)
  4 hounds
  3 jellies (D:6)
  An orc priest (D:3)
  An iguana (D:5)
  10 adders
  A white imp (D:5)
  2 ufetubi (D:5)
  4 worms
  4 dart slugs
  8 orcs
  12 endoplasms
  14 giant cockroaches
  10 hobgoblins
  2 jackals (D:1)
  5 quokkas
  8 ball pythons
  8 bats
  2 goblins
  12 kobolds
  6 rats
138 creatures vanquished.

Vanquished Creatures (others)
  329 foxfires
329 creatures vanquished.

Grand Total: 467 creatures vanquished

Notes
Turn   | Place    | Note
-------+----------+-------------------------------------------
     0 | D:1      | MajorAdolf the Naga Wanderer began the quest for the Orb.
     0 | D:1      | MajorAdolf set off with the following items: a +0 club, a
                  | potion of lignification, a +0 scale mail; and the following
                  | spells available to memorise: Apportation, Foxfire,
                  | Teleport Other, Conjure Flame, Ignite Poison.
     0 | D:1      | Reached XP level 1. HP: 15/15 MP: 2/2
     2 | D:1      | Learned a level 1 spell: Foxfire
   507 | D:1      | Reached XP level 2. HP: 22/22 MP: 0/3
  1035 | D:1      | Reached skill level 1 in Conjurations
  1614 | D:1      | Reached XP level 3. HP: 11/28 MP: 1/5
  2145 | D:1      | Learned a level 3 spell: Ignite Poison
  2809 | D:2      | Reached XP level 4. HP: 36/36 MP: 0/7
  3207 | D:2      | Learned a level 3 spell: Mephitic Cloud
  3791 | D:2      | Noticed an ogre
  3798 | D:2      | Killed an ogre
  3799 | D:2      | Reached skill level 1 in Air Magic
  3799 | D:2      | Reached XP level 5. HP: 42/42 MP: 1/9
  5975 | D:3      | Reached XP level 6. HP: 49/49 MP: 3/10
  6149 | D:3      | Found Vasoufua's Armour Boutique.
  7109 | D:4      | Found an ancient bone altar of Kikubaaqudgha.
  7128 | D:4      | Reached XP level 7. HP: 55/55 MP: 12/12
  7532 | D:4      | Found a snail-covered altar of Cheibriados.
  7826 | D:5      | Entered Level 5 of the Dungeon
  7946 | D:5      | Found a bloodstained altar of Trog.
  8006 | D:5      | Found a sparkling altar of Nemelex Xobeh.
  8036 | D:5      | Reached skill level 1 in Transmutations
  8036 | D:5      | Reached skill level 1 in Poison Magic
  8110 | D:5      | Found a blossoming altar of Fedhas.
  8291 | D:5      | Reached skill level 2 in Poison Magic
  8575 | D:5      | Reached skill level 5 in Fire Magic
  8575 | D:5      | Reached XP level 8. HP: 62/62 MP: 7/14
  8638 | D:5      | Reached skill level 3 in Poison Magic
  8729 | D:5      | Learned a level 5 spell: Freezing Cloud
  9250 | D:5      | Found a staircase to the Ecumenical Temple.
  9438 | Temple   | Entered the Ecumenical Temple
  9628 | Temple   | Became a worshipper of Gozag Ym Sagoz the Greedy
  9692 | D:6      | Noticed Grinder
  9705 | D:5      | Killed Grinder
  9706 | D:5      | Reached skill level 5 in Spellcasting
  9706 | D:5      | Reached skill level 5 in Poison Magic
  9946 | D:6      | Reached skill level 1 in Ice Magic
 10478 | D:6      | Found a burning altar of Makhleb.
 10506 | D:6      | Noticed Blork the orc
 10514 | D:6      | Killed Blork the orc
 10714 | D:6      | Found Zedeupee's Weapon Emporium.
 10819 | D:6      | Reached XP level 9. HP: 44/68 MP: 10/17
 11422 | D:6      | Found a runed translucent door.
 11423 | D:6      | Noticed Crazy Yiuf
 11905 | D:7      | Reached skill level 6 in Poison Magic
 12148 | D:7      | HP: 2/68 [wight/+0 trident (9)]
 12148 | D:7      | Slain by a wight

Illustrated notes

Levels and vault maps discovered:
D:1:      amcnicky_arrival_choice, layout_basic, ebering_dispersal_statue_hall,
          minmay_misc_feat_encased
D:2:      minmay_roachtagon, layout_basic, corexii_hall_statues_i,
          minmay_between
D:3:      layout_basic, serial_shops, nicolae_shop_trees
D:4:      layout_loops_ring, general_overflow_altar, kennysheep_little_box,
          nicolae_figureground_pulse
D:5:      layout_layer_cave, nemelex_xobeh_ov_fountains_minmay,
          mainiacjoe_overflow_catch_the_wave, lemuel_temple_firewalk_b
D:6:      layout_loops_cross, mainiacjoe_overflow_alcove_2, serial_shops,
          nicolae_shop_behind_doors, chequers_decorated_corner,
          chequers_serial_rivers_small_b, eino_small_chamber_without_monster,
          dreamdust_princess_bridge, roderic_lattice_a, dk_noncrumbling_4,
          uniq_crazy_yiuf_cottage, uniq_grinder, uniq_blork_the_orc
D:7:      layout_basic, tgw_sif, enter_bailey_7, uniq_menkaure,
          uniq_prince_ribbit1
Temple:   eino_narrow_crystal_temple

Skill      XL: |  1  2  3  4  5  6  7  8  9 |
---------------+----------------------------+-----
Conjurations   | 1 2 3 4 |  4.2
Spellcasting   | 2 3 4 5 |  5.8
Fire Magic     | 3 4 5 |  5.0
Air Magic      | 1 2 3 4 |  4.2
Transmutations | 1 3 |  3.0
Poison Magic   | 2 5 6 |  6.3
Ice Magic      | 1 2 |  2.7
Armour         | |  1.5
Stealth        | |  3.0
Translocations | |  2.0
Evocations     | |  1.0

Action                   |  1- 3 |  4- 6 |  7- 9 || total
-------------------------+-------+-------+-------++-------
Melee: Club              |    29 |    48 |       ||    77
       Whip              |       |    43 |    85 ||   128
       Punch             |       |     1 |       ||     1
 Cast: Foxfire           |    51 |    82 |    78 ||   211
       Ignite Poison     |       |     2 |    15 ||    17
       Mephitic Cloud    |       |     4 |    17 ||    21
 Abil: Spit Poison       |    20 |    31 |    27 ||    78
  Use: Scroll            |       |       |    11 ||    11
 Stab: Sleeping          |       |     2 |     1 ||     3
       Confused          |       |     2 |     2 ||     4
Armor: Scale mail        |    17 |       |       ||    17
       Skin              |     6 |       |       ||     6
       Robe              |     3 |    34 |    42 ||    79
Dodge: Dodged            |    41 |    62 |    56 ||   159
